 Dungeon Crawl Stone Soup version 0.31-a0-187-gba352fbbf7 (webtiles) character file.

Game seed: 1757470403702710411

215361 promet the Warrior (level 18, -6/141 (154) HPs)
             Began as a Minotaur Fighter on June 21, 2023.
             Was an Elder of Uskayaw.
             Mangled by a vault warden
             ... wielding a +0 battleaxe
              (27 damage)
             ... on level 1 of the Vaults on June 22, 2023.
             The game lasted 05:30:17 (66881 turns).

promet the Warrior (Minotaur Fighter)              Turns: 66881, Time: 05:30:18

HP:   -6/141 (154)  AC: 19    Str: 22    XL:     18   Next: 32%
MP:   17/17         EV: 18    Int:  9    God:    Uskayaw [****..]
Gold: 1737          SH:  5    Dex: 16    Spells: 17/17 levels left

rFire   x . .        a - +3 battleaxe (heavy)
rCold   + . .        (shield currently unavailable)
rNeg    . . .        S - +0 acid dragon scales
rPois   +            (helmet restricted)
rElec   .            y - +0 cloak
rCorr   +            n - +2 pair of gloves {Dex+3}
SInv    .            D - +2 pair of boots
Will    ++...        W - amulet of reflection
Stlth   +++          J - ring of ice
HPRegen 0.43/turn    i - ring of poison resistance
MPRegen 0.15/turn

%: reflection
@: about to teleport, drained
A: horns 2, retaliatory headbutt, iridescent scales 1, frail 1, strong-willed 1
}: 1/15 runes: barnacled
a: Renounce Religion, Stomp, Line Pass


You were on level 1 of the Vaults.
You worshipped Uskayaw.
Uskayaw was noncommittal.
You visited 7 branches of the dungeon, and saw 29 of its levels.
You also visited: Bailey.

You collected 3073 gold pieces.
You spent 1336 gold pieces at shops.

Inventory:

Hand Weapons
 a - a +3 heavy battleaxe (weapon)
 b - a +0 longbow of draining
 c - a +3 heavy war axe
 d - the +6 sling "Misesmonk" {freeze, rElec Dex-2 SInv}
   (You took it off a merfolk on level 4 of the Shoals)

   Dex:       It affects your dexterity (-2).
   rElec:     It insulates you from electricity.
   SInv:      It lets you see invisible.
 h - a +8 glaive of electrocution
 l - a +2 great mace of venom
 u - a +0 rapier of draining
 I - a +0 great sword of flaming
 X - the +6 spear of Gozag's Benevolence {pain, Str+4}
   (You found it on level 1 of the Vaults)

   Str:       It affects your strength (+4).
Missiles
 q - 6 atropa-tipped darts
 r - 33 poisoned darts
 s - 26 javelins (quivered)
 L - 9 silver javelins
 P - 7 throwing nets
 T - a curare-tipped dart
 Y - 8 silver boomerangs
Armour
 n - a +2 pair of gloves of dexterity (worn)
 y - a +0 cloak (worn)
 D - a +2 pair of boots (worn)
 O - a +0 tower shield
 S - +0 acid dragon scales (worn)
Jewellery
 f - a ring of willpower
 i - a ring of poison resistance (right hand)
 o - a ring of see invisible
 w - a ring of protection from fire
 B - a +6 ring of dexterity
 J - a ring of ice (left hand)
 K - a ring of flight
 R - a +4 ring of protection
 W - an amulet of reflection (around neck)
 Z - a +5 ring of evasion
Wands
 e - a wand of roots (16)
 p - a wand of digging (15)
 t - a wand of mindburst (23)
 v - a wand of paralysis (13)
 z - a wand of flame (31)
 A - a wand of quicksilver (25)
Scrolls
 g - 12 scrolls of teleportation
 k - 5 scrolls of blinking
 C - 5 scrolls of fog
 F - a scroll of poison
 Q - a scroll of butterflies
Potions
 x - 2 potions of curing
 E - 4 potions of lignification
 G - a potion of resistance
 H - 2 potions of haste
 M - a potion of cancellation
 N - a potion of invisibility
 U - a potion of heal wounds
 V - a potion of magic
Miscellaneous
 j - a lightning rod (4/4)
 m - a tin of tremorstones (inert)


   Skills:
 + Level 18.3 Fighting
 + Level 0.3(2.7) Short Blades
 + Level 4.9 Long Blades
 + Level 13.7(16.8) Axes
 + Level 15.8(17.8) Polearms
 + Level 15.2 Ranged Weapons
 + Level 2.7 Throwing
 + Level 12.0 Armour
 + Level 11.5 Dodging
 * Level 7.8 Stealth
 + Level 5.8 Shields
 + Level 4.1 Necromancy
 + Level 6.5 Evocations


You had 17 spell levels left.
You didn't know any spells.
Your spell library contained the following spells:

 Spells                   Type           Power      Damage    Failure   Level
 Kiss of Death            Conj/Necr      12%        2d6       21%         1
 Apportation              Tloc           0%         N/A       43%         1
 Freeze                   Ice            0%         1d3       43%         1
 Summon Small Mammal      Summ           0%         N/A       43%         1
 Call Imp                 Summ           0%         N/A       58%         2
 Searing Ray              Conj           0%         2d4       58%         2
 Static Discharge         Conj/Air       0%         2-2/arc   58%         2
 Call Canine Familiar     Summ           0%         N/A       82%         3
 Ozocubu's Armour         Ice            0%         N/A       82%         3
 Portal Projectile        Hex/Tloc       0%         N/A       82%         3
 Tukima's Dance           Hex            0%         N/A       82%         3
 Vhi's Electric Charge    Tloc/Air       0%         N/A       82%         3
 Anguish                  Hex/Necr       1%         N/A       90%         4
 Airstrike                Air            0%         2d(0-16)  99%         4
 Cause Fear               Hex            0%         N/A       99%         4
 Leda's Liquefaction      Hex/Erth       0%         N/A       99%         4
 Passage of Golubria      Tloc           0%         N/A       99%         4
 Petrify                  Tmut/Erth      0%         N/A       99%         4
 Sticky Flame             Conj/Fire      0%         2d3       99%         4
 Summon Lightning Spire   Summ/Air       0%         N/A       99%         4
 Borgnjor's Vile Clutch   Necr/Erth      1%         N/A       99%         5
 Alistair's Intoxication  Tmut/Pois      0%         N/A       100%        5
 Metabolic Englaciation   Hex/Ice        0%         N/A       100%        5
 Summon Forest            Summ/Tloc      0%         N/A       100%        5
 Summon Mana Viper        Hex/Summ       0%         N/A       100%        5
 Yara's Violent Unravell  Hex/Tmut       0%         3d3       100%        5
 Eringya's Noxious Bog    Tmut/Pois      0%         N/A       100%        6
 Simulacrum               Ice/Necr       2%         N/A       100%        6
 Statue Form              Tmut/Erth      0%         N/A       100%        6
 Summon Cactus Giant      Summ           0%         N/A       100%        6
 Dragon Form              Tmut           0%         N/A       100%        7
 Enfeeble                 Hex            0%         N/A       100%        7
 Malign Gateway           Summ/Tloc      0%         N/A       100%        7
 Ozocubu's Refrigeration  Ice            0%         4d7       100%        7
 Summon Horrible Things   Summ           0%         N/A       100%        8
 Dragon's Call            Summ           0%         N/A       100%        9
 Polar Vortex             Ice            0%         N/A       100%        9


Dungeon Overview and Level Annotations

Branches:
Dungeon (15/15)            Temple (1/1) D:7            Lair (5/5) D:8
 Shoals (4/4) Lair:2       Spider (0/4) Lair:3        Slime (1/5) Lair:4
    Orc (2/2) D:9             Elf (0/3) Orc:2        Vaults (1/5) D:14
 Depths (0/4) D:15         Bailey (visited)

Altars:
Ashenzari
Dithmenos
Kikubaaqudgha
Makhleb
Nemelex Xobeh
Ru
Sif Muna
Trog
Uskayaw
Vehumet
Xom
Yredelemnul

Shops:
D:5 (   D:9 *   D:12 ?   Orc:2 =[(*

Annotations:
D:14 Roxanne
Lair:1 2 transporters
Shoals:2 1 runed translucent door, avis's ghost, journeyman FeSu


Innate Abilities, Weirdness & Mutations

You have a pair of horns on your head.
You reflexively headbutt those who attack you in melee.
You are partially covered in iridescent scales. (AC +2)
You are frail. (-10% HP)
You are strong-willed. (Will+)


Message History

You headbutt the reaper, but do no damage.
The reaper is lightly wounded.
You hit the vault warden but do no damage.
The vault warden barely misses you.
The yaktaur zaps a wand.
The roots erupt in riotous growth!
The reaper is unaffected.
The deep elf demonologist is unaffected.
The grasping roots grab you!
The vault warden is unaffected.
The grasping roots constrict you.
The reaper hits you with a +1 scythe of protection!
You hit the reaper but do no damage.
The reaper is lightly wounded.
You open the vault warden like a pillowcase!!!
The grasping roots constrict you. The reaper hits you but does no damage.
The grasping roots constrict you! The vault warden closely misses you.
You block the ironbound preserver's attack.
You closely miss the vault warden. You headbutt the vault warden.
The vault warden is heavily wounded.
You slash the ironbound preserver! You slice the reaper!!
The vault warden no longer looks unusually strong.
The reaper hits you with a +1 scythe of protection!!
The grasping roots constrict you!
The deep elf demonologist gestures wildly while chanting.
The vault warden completely misses you. You furiously retaliate!
You headbutt the vault warden.
The ironbound preserver hits you with a +0 morningstar!!
The grasping roots release their grip on you.
Uskayaw will force your foes to share their pain.
Uskayaw links your audience in an emotional bond!
As you read the scroll of teleportation, it crumbles to dust.
You feel strangely unstable. The reaper completely misses you.
The vault warden hits you with a +0 battleaxe.
The deep elf demonologist mumbles some strange words.
The ironbound preserver hits you with a +0 morningstar!
* * * LOW HITPOINT WARNING * * *
You block the reaper's attack.
The reaper is no longer sharing its pain.
The reaper hits you from afar with a +1 scythe of protection!
* * * LOW HITPOINT WARNING * * *
The vault warden hits you with a +0 battleaxe!!
You die...

.... ...... ... ......
#####+########+++##########+#####
#................................
#..................".............
#................................
#............2pp.................
#...[.......ce2.@................
#.....###########################
#.....# #)[p..# '.....# ######
#.....# #..... #.....# #.....
#.....# ########..... #.[...#
#......'.....


You could see an ironbound preserver (pain bonded), a vault warden (pain
bonded), 2 reapers, a deep elf demonologist (pain bonded) and a yaktaur (pain
bonded).

Vanquished Creatures
  Jorgrun (Shoals:2)
  Mlioglotl (Shoals:1)
  A storm dragon (Shoals:4)
  Ilsuiw (Shoals:2)
  A fire giant (D:15)
  A vault warden (Vaults:1)
  Louise (D:14)
  2 ironbound preservers (Vaults:1)
  A formless jellyfish (Vaults:1)
  An orc warlord (Orc:2)
  4 dire elephants
  6 merfolk impalers
  A fire dragon (Lair:5)
  7 merfolk javelineers
  5 vault guards
  2 great orbs of eyes (Vaults:1)
  Harold (Orc:1)
  Fannar (D:11)
  2 catoblepae
  9 hydras
  A rakshasa (D:12)
  Erolcha (D:11)
  8 merfolk aquamancers
  An alligator snapping turtle (Shoals:4)
  2 merfolk avatars
  2 ogre magi
  4 death yaks
  4 centaur warriors
  8 two-headed ogres
  2 ironbound frosthearts (Vaults:1)
  6 boulder beetles
  3 satyrs
  2 orc high priests (Orc:2)
  5 skysharks
  4 skeletal warriors (D:12)
  14 sea snakes
  3 deep trolls (Vaults:1)
  5 ironbound convokers (Vaults:1)
  A harpy (shapeshifter) (D:15)
  A swamp dragon (Lair:5)
  Pikel (D:4)
  26 harpies
  A necromancer (Vaults:1)
  A stone giant zombie (Vaults:1)
  5 orc knights
  4 deep elf pyromancers
  13 ugly things
  13 cyclopes
  14 manticores
  4 orc sorcerers
  13 fauns
  9 black mambas
  5 water nymphs
  8 merfolk sirens
  2 vault sentinels (Vaults:1)
  15 elephants
  2 torpor snails
  4 gargoyles
  14 cane toads
  5 rime drakes
  3 kobold demonologists (D:12)
  6 yaktaurs
  12 komodo dragons
  2 polar bears
  11 trolls
  36 merfolk
  34 blink frogs
  6 wind drakes
  6 dream sheep
  9 snapping turtles
  15 slime creatures
  Sigmund (D:4)
  11 wraiths
  22 water elementals
  Eustachio (D:6)
  A vampire (D:9)
  6 air elementals
  2 wyverns
  4 shadows
  19 yaks
  2 redbacks (Lair:3)
  6 basilisks
  3 steam dragons
  3 wargs
  Menkaure (D:4)
  Edmund (D:4)
  3 acid dragons
  2 swamp drakes (Lair:5)
  16 water moccasins
  34 orc warriors
  2 black bears
  An ice beast (D:6)
  A sky beast (D:6)
  A black bear (shapeshifter) (D:12)
  3 boggarts (D:14)
  10 ogres
  5 wolves
  13 centaurs
  4 lemures
  3 kobold brigands
  2 human zombies (Vaults:1)
  13 bullfrogs
  4 scorpions
  2 gnoll sergeants
  A human simulacrum (Vaults:1)
  4 wights (D:6)
  4 howler monkeys
  4 hounds
  9 orc priests
  2 gnoll boudas
  2 sleepcaps
  Ijyb (D:4)
  6 iguanas
  24 orc wizards
  17 gnolls
  9 adders
  4 white imps
  A worm (D:2)
  2 dart slugs
  60 orcs
  2 bats
  7 endoplasms
  3 giant cockroaches (D:3)
  9 goblins
  6 hobgoblins
  19 kobolds
  5 quokkas
  5 ball pythons
  3 frilled lizards
  4 rats
840 creatures vanquished.

Notes
Turn   | Place    | Note
-------+----------+-------------------------------------------
     0 | D:1      | promet the Minotaur Fighter began the quest for the Orb.
     0 | D:1      | Reached XP level 1. HP: 19/19 MP: 0/0
   250 | D:1      | Reached skill level 4 in Fighting
   250 | D:1      | Reached XP level 2. HP: 22/27 MP: 1/1
   627 | D:1      | Got An Initiation into Spellcraft
   837 | D:1      | Reached XP level 3. HP: 34/34 MP: 2/2
  1503 | D:2      | Reached skill level 1 in Dodging
  2344 | D:3      | Noticed a scorpion
  2348 | D:3      | Killed a scorpion
  2349 | D:3      | Reached XP level 4. HP: 38/41 MP: 3/3
  2839 | D:3      | Reached skill level 5 in Fighting
  2839 | D:3      | Reached XP level 5. HP: 47/48 MP: 4/4
  3749 | D:4      | Noticed a lemure
  3768 | D:4      | Killed a lemure
  3996 | D:4      | Noticed a lemure
  3999 | D:4      | Noticed a lemure
  4000 | D:4      | Noticed Pikel
  4001 | D:4      | Noticed a lemure
  4027 | D:3      | Killed a lemure
  4255 | D:3      | Killed a lemure
  4286 | D:3      | Killed a lemure
  4493 | D:4      | Paralysed by Pikel for 3 turns
  4497 | D:4      | Killed Pikel
  4498 | D:4      | Reached skill level 6 in Fighting
  4498 | D:4      | Reached skill level 5 in Axes
  4498 | D:4      | Reached skill level 5 in Armour
  4498 | D:4      | Reached XP level 6. HP: 44/57 MP: 5/5
  4498 | D:4      | Reached XP level 7. HP: 49/63 MP: 6/6
  4704 | D:4      | Identified the +1 robe of Hulij {rF- Regen+ MP+9}
  4739 | D:4      | Noticed Ijyb
  4743 | D:4      | Killed Ijyb
  4791 | D:4      | Noticed Sigmund
  4795 | D:4      | Killed Sigmund
  4827 | D:4      | Noticed Edmund
  4847 | D:4      | Killed Edmund
  4848 | D:4      | Reached skill level 1 in Throwing
  5146 | D:4      | Reached skill level 1 in Stealth
  5327 | D:4      | Noticed Menkaure
  5330 | D:4      | Killed Menkaure
  5331 | D:4      | Reached XP level 8. HP: 65/71 MP: 7/7
  5484 | D:5      | Entered Level 5 of the Dungeon
  5493 | D:5      | Found Coenaqy's Weapon Boutique.
  5533 | D:5      | Bought 3 poisoned darts for 19 gold pieces
  6032 | D:5      | Reached skill level 7 in Fighting
  6081 | D:5      | Reached skill level 1 in Evocations
  6203 | D:5      | Reached skill level 1 in Polearms
  6676 | D:5      | Found a shimmering altar of Xom.
  6687 | D:5      | Found a broken altar of Ashenzari.
  6764 | D:5      | Gained mutation: You are frail. (-10% HP) [potion of
                  | mutation]
  6764 | D:5      | Gained mutation: You are partially covered in iridescent
                  | scales. (AC +2) [potion of mutation]
  6764 | D:5      | Gained mutation: You are strong-willed. (Will+) [potion of
                  | mutation]
  7483 | D:6      | Reached skill level 5 in Polearms
  7507 | D:6      | Noticed a troll
  7523 | D:6      | Killed a troll
  7524 | D:6      | Reached skill level 8 in Fighting
  7524 | D:6      | Reached XP level 9. HP: 72/72 MP: 8/8
  8181 | D:6      | Identified the +0 robe of Instinct {Str+5 Stlth-}
  8202 | D:6      | Reached skill level 1 in Ranged Weapons
  8424 | D:6      | Noticed Eustachio
  8458 | D:6      | Killed Eustachio
  9098 | D:7      | Found a staircase to the Ecumenical Temple.
  9169 | D:7      | Found a shadowy altar of Dithmenos.
  9257 | Temple   | Entered the Ecumenical Temple
  9266 | Temple   | Became a worshipper of Uskayaw the Reveller
  9292 | D:8      | Reached * piety under Uskayaw
  9305 | D:8      | Noticed a death yak
  9306 | D:8      | Noticed a death yak
  9307 | D:8      | Noticed a death yak
  9321 | D:7      | Reached ** piety under Uskayaw
  9325 | D:7      | Reached *** piety under Uskayaw
  9327 | D:7      | Killed a death yak
  9328 | D:7      | Reached skill level 9 in Fighting
  9328 | D:7      | Reached XP level 10. HP: 69/81 MP: 9/9
  9809 | D:8      | Killed a death yak
 10022 | D:7      | Killed a death yak
 10023 | D:7      | Reached skill level 10 in Polearms
 10282 | D:8      | Reached **** piety under Uskayaw
 10515 | D:8      | Reached skill level 10 in Fighting
 10527 | D:8      | Reached ***** piety under Uskayaw
 10556 | D:8      | Found a staircase to the Lair.
 10987 | D:9      | Found a flagged portal.
 11054 | D:9      | Reached skill level 5 in Ranged Weapons
 11196 | Bailey   | Entered a bailey
 11955 | Bailey   | Noticed an orc knight
 11967 | Bailey   | Killed an orc knight
 12104 | Bailey   | Found a large runed translucent door.
 12104 | Bailey   | Found a large runed translucent door.
 12105 | Bailey   | Noticed a deep elf pyromancer
 12177 | Bailey   | Killed a deep elf pyromancer
 12178 | Bailey   | Reached XP level 11. HP: 90/90 MP: 10/10
 12204 | Bailey   | Identified the +0 scale mail of the Wasteland {Int+6 Dex-4
                  | Stlth+}
 12481 | D:9      | Found Pumit's General Store.
 12484 | D:9      | Bought a potion of curing for 39 gold pieces
 12484 | D:9      | Bought a scroll of teleportation for 39 gold pieces
 12484 | D:9      | Bought a potion of heal wounds for 65 gold pieces
 12557 | D:9      | Found a staircase to the Orcish Mines.
 13709 | D:9      | Reached skill level 11 in Fighting
 14498 | D:10     | Entered Level 10 of the Dungeon
 14742 | D:10     | Identified a scroll of acquirement
 14742 | D:10     | Acquired 612 gold pieces
 15369 | D:11     | Noticed Fannar
 15396 | D:11     | Killed Fannar
 15988 | D:11     | Noticed Erolcha
 16000 | D:11     | Killed Erolcha
 16653 | D:12     | Noticed a deep elf pyromancer
 16656 | D:12     | Killed a deep elf pyromancer
 16657 | D:12     | Reached skill level 12 in Fighting
 16913 | D:12     | Reached XP level 12. HP: 87/100 MP: 11/11
 17095 | D:12     | Noticed a boulder beetle
 17145 | D:12     | Killed a boulder beetle
 17900 | Lair:1   | Entered Level 1 of the Lair of Beasts
 17935 | Lair:1   | Noticed a boulder beetle
 17941 | Lair:1   | Noticed a catoblepas
 17965 | D:8      | Killed a catoblepas
 18158 | Lair:1   | Killed a boulder beetle
 18360 | Lair:1   | Found a transporter.
 18376 | Lair:1   | Found a transporter.
 18385 | Lair:1   | Noticed a boulder beetle
 18714 | Lair:1   | Noticed a five-headed hydra
 19296 | Lair:1   | Reached skill level 1 in Necromancy
 19508 | Lair:1   | Reached skill level 13 in Fighting
 19630 | Lair:1   | Reached skill level 10 in Armour
 19875 | Lair:1   | Noticed a four-headed hydra
 19894 | Lair:1   | Killed a two-headed hydra
 20056 | Lair:1   | Killed a two-headed hydra
 20307 | Lair:2   | Reached skill level 5 in Stealth
 20447 | Lair:2   | Noticed an eight-headed hydra
 20455 | Lair:2   | Killed a five-headed hydra
 20620 | Lair:2   | Found a burning altar of Makhleb.
 20828 | Lair:2   | Found a staircase to the Shoals.
 20842 | Lair:2   | Reached XP level 13. HP: 34/109 MP: 12/12
 21910 | Lair:3   | Got Hibysulo's Incunable of Combat Magic
 22209 | Lair:3   | Found a hole to the Spider Nest.
 22692 | Lair:3   | Reached skill level 5 in Dodging
 22706 | Lair:3   | Reached ****** piety under Uskayaw
 22708 | Lair:3   | Reached skill level 10 in Ranged Weapons
 24301 | Lair:4   | Reached skill level 14 in Fighting
 24745 | Lair:4   | Found a staircase to the Slime Pits.
 25462 | Lair:5   | Entered Level 5 of the Lair of Beasts
 26774 | Slime:1  | Entered Level 1 of the Pits of Slime
 27201 | Lair:4   | Reached XP level 14. HP: 50/119 MP: 13/13
 28194 | Lair:5   | Reached skill level 15 in Fighting
 30831 | D:12     | Identified the ring of Paranoia {MP+9 Stlth+}
 31618 | D:12     | Found Pouz's Magic Scroll Shoppe.
 31680 | D:12     | Bought a scroll of enchant weapon for 90 gold pieces
 31680 | D:12     | Bought a scroll of blinking for 90 gold pieces
 31680 | D:12     | Bought a scroll of teleportation for 36 gold pieces
 31680 | D:12     | Bought 2 scrolls of enchant weapon for 180 gold pieces
 31680 | D:12     | Bought a scroll of teleportation for 36 gold pieces
 32894 | D:12     | Paralysed by an ogre mage for 5 turns
 33703 | Orc:1    | Entered Level 1 of the Orcish Mines
 33703 | Orc:1    | Noticed Harold
 33717 | Orc:1    | Killed Harold
 34565 | Orc:2    | Entered Level 2 of the Orcish Mines
 34696 | Orc:2    | Noticed an orc warlord
 34711 | Orc:2    | Killed an orc warlord
 34712 | Orc:2    | Reached skill level 15 in Polearms
 35022 | Orc:2    | Reached skill level 16 in Fighting
 35430 | Orc:2    | Found Fuskef's Antique Armour Shop.
 35705 | Orc:2    | Found Kuite's Jewellery Shop.
 35801 | Orc:2    | Reached XP level 15. HP: 129/129 MP: 14/14
 35819 | Orc:2    | Found Tingaceu's General Store.
 35824 | Orc:2    | Found Cyefiyhi's Antique Weapon Boutique.
 35857 | Orc:2    | Found a staircase to the Elven Halls.
 36066 | Orc:2    | Bought a scroll of enchant armour for 97 gold pieces
 36425 | Orc:2    | Bought a pair of glowing gloves for 225 gold pieces
 36765 | D:13     | Identified the +0 scale mail of the Arena {Int+8}
 36771 | D:13     | Got Bemotuj's Volume of Amassed Angles
 37601 | D:14     | Noticed Louise
 37623 | D:14     | Killed Louise
 38579 | D:14     | Reached skill level 5 in Evocations
 38964 | D:13     | Reached XP level 16. HP: 135/135 MP: 15/15
 38993 | D:14     | Identified Roxanne's Volume of Scree
 38993 | D:14     | Noticed Roxanne
 39921 | D:14     | Found a hide-covered altar of Uskayaw.
 40024 | D:14     | Found a gate to the Vaults.
 40405 | D:14     | Upgraded the game from 0.31-a0-182-gc5ef74bbde to
                  | 0.31-a0-187-gba352fbbf7
 40814 | D:15     | Entered Level 15 of the Dungeon
 41157 | D:15     | Reached skill level 10 in Axes
 41425 | D:15     | Found a staircase to the Depths.
 42833 | Shoals:1 | Entered Level 1 of the Shoals
 43306 | Shoals:1 | Noticed Mlioglotl
 43310 | Shoals:1 | Noticed a tentacled starspawn
 43668 | Shoals:1 | Killed Mlioglotl
 43669 | Shoals:1 | Reached skill level 1 in Long Blades
 45517 | Shoals:2 | Noticed Jorgrun
 45886 | Shoals:1 | Reached XP level 17. HP: 129/144 MP: 14/16
 46610 | Shoals:2 | Found a runed translucent door.
 46611 | Shoals:2 | Found a shimmering altar of Xom.
 46611 | Shoals:2 | Noticed avis's ghost (journeyman FeSu)
 46902 | Shoals:2 | Reached skill level 10 in Dodging
 47156 | Shoals:2 | Noticed Ilsuiw
 47401 | Shoals:2 | Reached skill level 17 in Fighting
 47750 | Shoals:2 | Killed Jorgrun
 51935 | Orc:2    | Bought an amulet of reflection for 420 gold pieces
 52159 | Shoals:2 | Killed Ilsuiw
 55776 | Shoals:3 | Reached skill level 5 in Shields
 56334 | Shoals:4 | Entered Level 4 of the Shoals
 56579 | Shoals:4 | Paralysed by an air elemental for 1 turns
 57209 | Shoals:4 | Paralysed by an air elemental for 1 turns
 59118 | Shoals:4 | Paralysed by an air elemental for 1 turns
 59123 | Shoals:4 | Paralysed by an air elemental for 1 turns
 59127 | Shoals:3 | Paralysed by an air elemental for 1 turns
 60537 | Shoals:4 | Reached skill level 18 in Fighting
 60727 | Shoals:4 | Paralysed by an air elemental for 1 turns
 61021 | Shoals:4 | Identified the +6 sling "Misesmonk" {freeze, rElec Dex-2
                  | SInv}
 61813 | Shoals:4 | Got a barnacled rune of Zot
 61818 | Shoals:4 | Identified the staff of the Aged Beds {Fly rElec rF++ Int-5
                  | SInv Air}
 61855 | Shoals:4 | Paralysed by an air elemental for 1 turns
 61857 | Shoals:4 | Reached XP level 18. HP: 144/154 MP: 17/17
 63194 | Vaults:1 | Entered Level 1 of the Vaults
 64524 | Vaults:1 | Reached skill level 15 in Ranged Weapons
 64746 | Vaults:1 | Identified the +7 chain mail "Huinym" {-Tele rElec Slay+2}
 64910 | Vaults:1 | Identified the +6 spear of Gozag's Benevolence {pain,
                  | Str+4}
 66855 | Vaults:1 | Identified the +0 battleaxe "Goank" {freeze, rF+ Str+3
                  | Dex+4}
 66881 | Vaults:1 | Mangled by a vault warden

Illustrated notes

Levels and vault maps discovered:
D:1:      shiori_arrival_maze, layout_basic
D:2:      layout_loops_corners
D:3:      layout_basic, serial_bayou_lake_a
D:4:      layout_gridville, uniq_menkaure, uniq_ijyb, uniq_pikel, uniq_edmund,
          uniq_sigmund
D:5:      layout_rooms, amethyst_overflow_temple_binary, serial_shops,
          nicolae_shop_bloodbath_and_beyond
D:6:      cheibrodos_fzero, layout_basic, uniq_eustachio
D:7:      layout_basic, general_overflow_altar, minmay_temple_entry_large_hall,
          serial_shops, nicolae_shop_tiny_statue_garden
D:8:      layout_loops_ring, dpeg_lair_monsters, serial_co_window_serial,
          co_window_paths_a, co_window_corner_a, co_window_paths_a,
          co_window_paths_a, co_window_paths_b, co_window_unsneaky_path_c,
          co_window_paths_c, co_window_broadway_a, co_window_cross_2
D:9:      layout_layer_cave, erik_orc_3, serial_shops, nicolae_shop_trees,
          enter_bailey_6
D:10:     layout_basic
D:11:     layout_roguey, uniq_fannar, uniq_erolcha
D:12:     layout_basic, serial_shops, nicolae_stop_n_shop_1, minmay_the_grid_2x2
          [minmay_the_grid_x, minmay_the_grid_tree, minmay_the_grid_medium_cups,
          minmay_the_grid_prize_inner_circle]
D:13:     layout_basic
D:14:     layout_basic, lightli_vaults_fourway_checkpoint,
          nicolae_uskayaw_dance_hall, uniq_louise, uniq_roxanne
D:15:     grunt_enter_depths_giant_problem, layout_rooms, minmay_misc_feat_tower
Temple:   nicolae_temple_bog_church
Lair:1:   gammafunk_boulding_lane, layout_loops_ring, nzn_random_ring,
          infiniplex_staircase_pool_2
Lair:2:   layout_layer_cave, minmay_shoals_entry_beasts, basic_altar,
          dreamdust_mushroom_princess, grunt_forest_small_clearing_treed
Lair:3:   layout_concentric_octagons, spider_nest_entry_webs,
          eino_small_chamber_without_monster
Lair:4:   layout_misc_corridors, slime_entry_1, grunt_megastairs_4,
          lemuel_fruit_tree
Lair:5:   guppyfry_lair_end_dragon, layout_regular_city, minivault_11,
          chequers_serial_rivers_micro_e, chequers_serial_rivers_micro_b,
          chequers_serial_rivers_micro_b
Shoals:1: layout_shoals, uniq_mlioglotl
Shoals:2: layout_shoals, ebering_ghost_xom, uniq_jorgrun, uniq_ilsuiw
Shoals:3: layout_shoals
Shoals:4: shoals_end_hellmonk_storm_palace [storm_palace_center_circular,
          storm_palace_corner_narrow, storm_palace_corner_blocked,
          storm_palace_corner_pillars, storm_palace_corner_reverse_hut]
Slime:1:  layout_caves
Orc:1:    layout_caves, uniq_harold
Orc:2:    grunt_orc_gardens, layout_diamond_mine, grunt_orc_garden,
          grunt_orc_garden, grunt_orc_garden, grunt_orc_garden
Vaults:1: nicolae_vaults_ninety_degrees, vaults_room_octagon,
          hangedman_vaults_nodes, nicolae_vaults_bisected_slash, v_misc_17,
          nicolae_vaults_closet_pinwheel_5, st_squares, vaults_room_boxed,
          v_pattern_3, vaults_room_door_ring, nicolae_vaults_little_squares_3,
          vaults_room_fours, vaults_mumra_lcd, layout_vaults_ring

Skill      XL: |  1  2  3  4  5  6  7  8  9 10 11 12 13 14 15 16 17 18 |
---------------+-------------------------------------------------------+-----
Fighting       | 4 5 6 8 9 10 12 13 14 16 18 | 18.3
Armour         | 4 5 6 7 9 10 11 12 | 12.0
Axes           | 3 5 6 7 8 11 13 | 13.7
Dodging        | 1 2 3 4 5 7 9 11 | 11.5
Shields        | 4 5 |  5.8
Throwing       | 1 2 |  2.7
Stealth        | 1 2 3 5 6 7 |  7.8
Evocations     | 1 2 3 4 5 6 |  6.5
Polearms       | 6 9 10 12 13 15 | 15.8
Ranged Weapons | 2 6 8 9 10 11 12 13 14 15 | 15.2
Necromancy     | 2 3 4 |  4.1
Long Blades    | 2 4 |  4.9
Short Blades   | |  0.3

Action                     |  1- 3 |  4- 6 |  7- 9 | 10-12 | 13-15 | 16-18 || total
---------------------------+-------+-------+-------+-------+-------+-------++-------
  Melee: War axe           |    80 |    78 |    60 |    41 |    71 |    41 ||   371
         Headbutt          |     9 |    16 |    39 |   114 |   197 |   127 ||   502
         Halberd           |       |       |   176 |   361 |   368 |       ||   905
         Glaive            |       |       |       |    70 |   297 |     1 ||   368
         Punch             |       |       |       |     1 |       |       ||     1
         Battleaxe         |       |       |       |       |       |   500 ||   500
         Rapier            |       |       |       |       |       |     3 ||     3
   Fire: Shortbow          |       |       |    44 |       |       |       ||    44
         Orcbow            |       |       |     1 |   218 |   414 |   485 ||  1118
         Longbow           |       |       |       |       |       |   390 ||   390
         Sling             |       |       |       |       |       |    16 ||    16
  Throw: Stone             |       |    15 |    16 |       |       |       ||    31
         Dart              |       |       |     3 |     8 |     2 |     3 ||    16
         Throwing net      |       |       |       |     2 |     2 |       ||     4
         Javelin           |       |       |       |       |    20 |     9 ||    29
 Invoke: Stomp             |       |       |       |     1 |       |     2 ||     3
         Line Pass         |       |       |       |       |     1 |       ||     1
  Evoke: Wand              |       |       |    13 |     2 |     3 |    25 ||    43
         Tin of tremorston |       |       |       |     1 |     1 |     3 ||     5
         Lightning rod     |       |       |       |       |     3 |     6 ||     9
    Use: Scroll            |     5 |       |    10 |     6 |    13 |     7 ||    41
         Potion            |       |     1 |     5 |     8 |     5 |     9 ||    28
   Stab: Paralysed         |       |       |     4 |    30 |    35 |    41 ||   110
         Sleeping          |       |       |     3 |       |     3 |     3 ||     9
         Distracted        |       |       |     1 |     1 |     1 |     1 ||     4
         Invisible         |       |       |       |     3 |       |       ||     3
         Petrified         |       |       |       |     2 |       |       ||     2
         Held in net/web   |       |       |       |       |     2 |       ||     2
 Armour: Scale mail        |    37 |    34 |     8 |   155 |   221 |       ||   455
         Chain mail        |       |       |    58 |       |       |       ||    58
         Troll leather arm |       |       |    31 |    26 |       |       ||    57
         Plate armour      |       |       |       |     3 |       |       ||     3
         Acid dragon scale |       |       |       |       |   102 |   362 ||   464
  Dodge: Dodged            |    24 |    30 |   115 |   257 |   544 |   857 ||  1827
  Block: Buckler           |    23 |    21 |    19 |       |       |       ||    63
         Other             |       |       |       |       |       |    90 ||    90
         Reflection        |       |       |       |       |       |    13 ||    13
         Tower shield      |       |       |       |       |       |    10 ||    10

Table legend: (Time is in decaauts)
 A = Elapsed time spent in this place.
 B = Non-inter-level travel time spent in this place.
 C = Inter-level travel time spent in this place.
 D = Time resting spent in this place.
 E = Time spent auto-exploring this place.
 F = Levels seen in this place.
 G = Mean time per level.
                   A        B        C        D        E       F      G
               +--------+--------+--------+--------+--------+-----+--------+
         Total |  67008 |  63000 |   4008 |  30131 |   9822 |  30 | 2233.6 |
       Dungeon |  28522 |  26299 |   2223 |  10973 |   6657 |  15 | 1901.5 |
        Temple |     18 |     18 |      0 |      0 |      0 |   1 |   18.0 |
          Lair |  12218 |  11562 |    656 |   5166 |   1876 |   5 | 2443.6 |
        Shoals |  19383 |  18420 |    963 |  11418 |    740 |   4 | 4845.8 |
    Slime Pits |      1 |      1 |      0 |      0 |      0 |   1 |    1.0 |
  Orcish Mines |   2711 |   2547 |    164 |    780 |    469 |   2 | 1355.5 |
        Vaults |   3086 |   3086 |      0 |   1326 |     80 |   1 | 3086.0 |
        Bailey |   1064 |   1064 |      0 |    466 |      0 |   1 | 1064.0 |
               +--------+--------+--------+--------+--------+-----+--------+

Top non-repeatable levels by time:
Shoals:4: 5281 daAuts
Shoals:2: 5147 daAuts
Shoals:1: 4727 daAuts
    D:12: 4420 daAuts
Shoals:3: 4226 daAuts
  Lair:5: 3240 daAuts
  Lair:4: 3220 daAuts
Vaults:1: 3086 daAuts
     D:9: 3046 daAuts
    D:13: 2558 daAuts
    D:14: 2239 daAuts
     D:8: 2163 daAuts
  Lair:1: 2113 daAuts
  Lair:2: 2113 daAuts
     D:3: 1905 daAuts
